 Dungeon Crawl Stone Soup version 0.30-a0-222-ge547ba4400 (webtiles) character file.

Game seed: 8402710308150753308

350 night the Caller (level 6, 0/30 HPs)
             Began as a Vine Stalker Summoner on Oct 8, 2022.
             Slain by a water moccasin zombie (2 damage)
             ... in an ossuary.
             The game lasted 00:09:17 (3697 turns).

night the Caller (Vine Stalker Summoner)            Turns: 3697, Time: 00:09:17

Health: 0/30       AC:  4    Str: 16    XL:     6   Next: 61%
Magic:  0/12       EV: 13    Int: 17    God:
Gold:   210        SH:  0    Dex: 15    Spells: 5/11 levels left

rFire   . . .      SeeInvis .    r - +0 trident
rCold   . . .      Faith    .    (no shield)
rNeg    . . .      Spirit   +    a - +0 robe
rPois   .          Reflect  .    j - +0 helmet
rElec   .          Harm     .    (no cloak)
rCorr   .          Rampage  .    g - +0 pair of gloves
Will    .....                    (no boots)
Stlth   ++........               v - amulet of magic regeneration
HPRegen 1.05/turn                l - +6 ring of strength
MPRegen 0.53/turn                q - +4 ring of slaying

@: mighty
A: fangs 2, regeneration 1, magic shield, antimagic bite, no potion heal 2,
hooves 1
a: no special abilities


You were in an ossuary.
You visited 1 branch of the dungeon, and saw 4 of its levels.
You also visited: Ossuary.

You collected 210 gold pieces.

Inventory:

Hand Weapons
 r - a +0 trident (weapon)
Missiles
 c - 102 stones
 f - 2 throwing nets
 t - 4 poisoned darts
Armour
 a - a +0 robe (worn)
 g - a +0 pair of gloves (worn)
 j - a +0 helmet (worn)
 m - a +3 chain mail of willpower
Jewellery
 l - a +6 ring of strength (left hand)
 q - a +4 ring of slaying (right hand)
 v - an amulet of magic regeneration (around neck)
Wands
 h - a wand of acid (11)
Scrolls
 o - a scroll of immolation
 u - a scroll of amnesia {unknown}
Potions
 b - a potion of magic
 d - 3 potions of heal wounds
 i - 3 potions of curing
 n - a potion of cancellation {unknown}
 p - a potion of degeneration {unknown}
 s - a potion of flight {unknown}


   Skills:
 + Level 2.1 Fighting
 + Level 1.8 Polearms
 + Level 1.8 Armour
 + Level 2.7 Dodging
 - Level 2.4 Stealth
 - Level 0.6 Unarmed Combat
 + Level 3.3 Spellcasting
 + Level 4.8 Summonings


You had 5 spell levels left.
You knew the following spells:

 Your Spells              Type           Power      Damage    Failure   Level
a - Summon Small Mammal   Summ           76%        N/A       2%          1
b - Call Imp              Summ           19%        N/A       3%          2
c - Call Canine Familiar  Summ           19%        N/A       7%          3

Your spell library contained the following spells:

 Spells                   Type           Power      Damage    Failure   Level
 Summon Guardian Golem    Hex/Summ       11%        N/A       19%         3
 Summon Lightning Spire   Summ/Air       11%        N/A       54%         4


Dungeon Overview and Level Annotations

Branches:
Dungeon (4/15)            Ossuary (1/1)
 Temple: D:4-7

Altars:
Uskayaw
Wu Jian


Innate Abilities, Weirdness & Mutations

You have extremely sharp teeth.
Your natural rate of healing is unusually fast.
When hurt, damage is shared between your health and your magic reserves.
Your bite disrupts and absorbs the magic of your enemies.
Potions cannot restore your health.
You have large cloven feet.


Message History

The centaur zombie hits you but does no damage.
The centaur zombie misses you. The centaur zombie hits you.
* * * LOW HITPOINT WARNING * * *
The centaur zombie kicks you but does no damage.
There is an open door here.
The water moccasin zombie attacks as you move away!
The water moccasin zombie barely misses you.
The water moccasin zombie bites you but does no damage.
Aiming: Corrosive Bolt
Press: ? - help, Shift-Dir - straight line, f/p - hornet zombie
Aim: a hornet zombie (lightly damaged, 75% to hit)
The bolt of acid misses the water moccasin zombie.
The bolt of acid hits the hornet zombie!
The acid corrodes the hornet zombie!
The hornet zombie is moderately damaged.
The water moccasin zombie bites you.
* * * LOW HITPOINT WARNING * * *
Aiming: Corrosive Bolt
Press: ? - help, Shift-Dir - straight line, f/p - hornet zombie
Aim: a hornet zombie (moderately damaged, covered in acid, 75% to hit)
The bolt of acid misses the water moccasin zombie.
The bolt of acid hits the hornet zombie!
The hornet zombie is heavily damaged.
The water moccasin zombie misses you.
It was a potion of mutation.
You feel extremely strange.
Your feet thicken and deform.
The water moccasin zombie bites you but does no damage.
It was a potion of might.
You feel very mighty all of a sudden. The water moccasin zombie bites you!
* * * LOW HITPOINT WARNING * * *
Aiming: Corrosive Bolt
Press: ? - help, Shift-Dir - straight line, f/p - hornet zombie
Aim: a hornet zombie (heavily damaged, covered in acid, 75% to hit)
The bolt of acid misses the water moccasin zombie.
The bolt of acid hits the hornet zombie.
The hornet zombie seems to be corroded for longer.
The hornet zombie is severely damaged.
The water moccasin zombie bites you.
You die...

#≈ #..~+
#~#~# #.+.#
###.+ +.#
###Z#####.#
#.ZZZ......
###Z#'#'#+#
#@#.# ### #


You could see a water moccasin zombie, a killer bee zombie, a hornet zombie
(corroded) and 2 centaur zombies.

Vanquished Creatures
  A vampire bat (D:3)
  A centaur zombie (Ossuary)
  A mummy (Ossuary)
  An orc wizard (D:3)
  4 orcs (D:3)
  4 ball pythons
  3 endoplasms
  9 giant cockroaches (D:2)
  2 hobgoblins (D:1)
  3 kobolds
  2 quokkas
  14 bats
  5 frilled lizards
  5 goblins
  2 rats
57 creatures vanquished.

Vanquished Creatures (collateral kills)
  A bullfrog zombie (Ossuary)
  4 mummies (Ossuary)
  Terence (D:2)
  3 adders
  A worm (D:2)
  2 ball pythons
  An endoplasm (D:2)
  2 giant cockroaches (D:2)
  A hobgoblin (D:1)
  A frilled lizard (D:1)
  2 kobolds
  A rat (D:1)
20 creatures vanquished.

Vanquished Creatures (others)
  A withered plant (Ossuary)
1 creature vanquished.

Grand Total: 78 creatures vanquished

Notes
Turn   | Place    | Note
-------+----------+-------------------------------------------
     0 | D:1      | night the Vine Stalker Summoner began the quest for the
                  | Orb.
     0 | D:1      | Reached XP level 1. HP: 9/9 MP: 4/4
    58 | D:1      | Found a faded altar of an unknown god.
   229 | D:1      | Reached XP level 2. HP: 7/14 MP: 1/6
   447 | D:1      | Learned a level 2 spell: Call Imp
  1402 | D:2      | Reached XP level 3. HP: 16/17 MP: 7/7
  1453 | D:2      | Noticed Terence
  1465 | D:2      | Killed Terence
  1466 | D:2      | Reached skill level 1 in Fighting
  1466 | D:2      | Reached skill level 2 in Dodging
  1762 | D:2      | Gained mutation: Your natural rate of healing is unusually
                  | fast. [Vine Stalker growth]
  1762 | D:2      | Reached XP level 4. HP: 22/22 MP: 3/8
  1910 | D:2      | Learned a level 3 spell: Call Canine Familiar
  2483 | D:2      | Reached skill level 1 in Armour
  2650 | D:3      | Reached skill level 1 in Polearms
  2650 | D:3      | Reached XP level 5. HP: 20/25 MP: 2/10
  3108 | D:3      | Found a hide-covered altar of Uskayaw.
  3488 | D:3      | Found an ornate altar of the Wu Jian Council.
  3601 | D:4      | Found a sand-covered staircase.
  3619 | Ossuary  | Entered an ossuary
  3629 | Ossuary  | Reached XP level 6. HP: 30/30 MP: 5/11
  3664 | Ossuary  | Reached skill level 2 in Fighting
  3684 | Ossuary  | HP: 3/30 [hornet zombie (2)]
  3689 | Ossuary  | HP: 4/30 [centaur zombie (1)]
  3695 | Ossuary  | Gained mutation: You have large cloven feet. [potion of
                  | mutation]
  3696 | Ossuary  | HP: 1/30 [water moccasin zombie (4)]
  3697 | Ossuary  | Slain by a water moccasin zombie

Illustrated notes

Levels and vault maps discovered:
D:1:      minmay_arrival_shattered_statue, layout_basic,
          hellmonk_ecumenical_altar_arch_garden
D:2:      minmay_roachtagon, layout_basic, uniq_terence
D:3:      layout_basic, nicolae_overflow_crystal_walls, marbit_many_paths,
          roderic_batcave
D:4:      layout_loops_ring, grunt_temple_overflow_holy_war,
          mainiacjoe_overflow_alcove_1, nicolae_ossuary_entry_monument,
          minivault_27
Ossuary:  ossuary_zaba_flooded

Skill      XL: |  1  2  3  4  5  6 |
---------------+-------------------+-----
Fighting       | 1 2 |  2.1
Dodging        | 2 |  2.7
Armour         | 1 |  1.8
Polearms       | 1 |  1.8
Spellcasting   | 3 |  3.3
Stealth        | |  2.4
Unarmed Combat | |  0.6
Summonings     | |  4.8

Action                   |  1- 3 |  4- 6 || total
-------------------------+-------+-------++-------
Melee: Unarmed           |    53 |       ||    53
       Bite              |    19 |    15 ||    34
       Punch             |     2 |     3 ||     5
       Spear             |    29 |    47 ||    76
       Trident           |       |    61 ||    61
 Cast: Summon Small Mamm |    23 |    16 ||    39
       Call Imp          |     3 |    13 ||    16
       Call Canine Famil |       |     3 ||     3
Evoke: Wand              |       |     3 ||     3
  Use: Scroll            |     4 |     7 ||    11
       Potion            |       |     2 ||     2
 Stab: Sleeping          |     1 |       ||     1
       Distracted        |       |     1 ||     1
Armor: Robe              |    28 |    43 ||    71
Dodge: Dodged            |    68 |    90 ||   158

Table legend: (Time is in decaauts)
 A = Elapsed time spent in this place.
 B = Non-inter-level travel time spent in this place.
 C = Inter-level travel time spent in this place.
 D = Time resting spent in this place.
 E = Time spent auto-exploring this place.
 F = Levels seen in this place.
 G = Mean time per level.
                   A        B        C        D        E       F      G
               +--------+--------+--------+--------+--------+-----+--------+
         Total |   3719 |   3610 |    109 |    150 |   2724 |   5 |  743.8 |
       Dungeon |   3635 |   3526 |    109 |    150 |   2701 |   4 |  908.8 |
       Ossuary |     83 |     83 |      0 |      0 |     23 |   1 |   83.0 |
               +--------+--------+--------+--------+--------+-----+--------+

Top non-repeatable levels by time:
     D:2: 1329 daAuts
     D:1: 1270 daAuts
     D:3: 977 daAuts
 Ossuary: 83 daAuts
     D:4: 57 daAuts
